Map: Ruins of Seras

Players

Whim - Winner!

  • Race: Zerg Zerg
  • League: Diamond

LindyHop

  • Race: Zerg Zerg
  • League: Platinum

VOD

Have the link to the VOD?

Description

Time

  • Played on: Jan. 4, 2016, 3:58 p.m.
  • Length: 3:46
Show
View Real Time Build Order
Export as new Build Order

Whim Zerg - Winner!

Build Orders: Pool First 

Get SALT Encoding   

  12  0:01  Drone  
  13  0:12  Overlord  
  13  0:18  Drone  
  14  0:31  Drone x2  
  14  0:35  Drone  
  17  0:47  Spawning Pool  
  16  0:50  Drone  
  16  0:55  Extractor  
  16  1:03  Drone  
  17  1:24  Hatchery  
  16  1:31  Drone  
  17  1:33  Queen  
  17  1:39  Zergling x2  
  20  1:40  Zergling x2  
  21  1:48  Zergling x2  
  21  1:53  Overlord  
  22  1:59  Metabolic Boost  
  22  2:12  Zergling x2  
  22  2:14  Queen  
  25  2:17  Zergling x2  
  26  2:26  Overlord  
  26  2:38  Zergling x2  
  27  2:44  Zergling x2  
  27  2:45  Zergling x4  
  30  2:52  Zergling x2  
  30  2:56  Zergling x4  
  33  3:01  Zergling x2  
  33  3:04  Zergling x2  
  35  3:14  Zergling x2  
  35  3:19  Zergling x2  
  37  3:24  Hatchery, Zergling x2  
  36  3:29  Zergling x2  
Show
View Real Time Build Order
Export as new Build Order

LindyHop Zerg 

Build Orders: Hatch First 

Get SALT Encoding   

  12  0:01  Drone  
  13  0:08  Drone  
  14  0:17  Overlord  
  14  0:27  Extractor  
  13  0:28  Extractor  
  13  0:29  Drone  
  15  0:36  Drone x2  
  17  0:44  Drone  
  18  1:01  Hatchery  
  17  1:05  Drone  
  17  1:09  Drone  
  17  1:10  Extractor  
  18  1:27  Spawning Pool  
  18  1:28  Drone  
  18  1:33  Overlord  
  18  2:14  Queen, Zergling x6  
  23  2:18  Queen  
  23  2:19  Zergling x2  
  26  2:35  Drone x3  
  29  2:43  Drone  
  30  2:47  Drone  
  31  2:54  Spine Crawler  
  31  2:56  Overlord  
  30  3:00  Drone x2  
  32  3:08  Drone x2  
  34  3:25  Spine Crawler  
Tags
 
Add a new tag
Caveats
  • Supply blocks, unpowered buildings, or Contaminate may cause inaccurate times.
  • Supply counts are checked every 10 seconds.